 Dungeon Crawl Stone Soup version 0.31-a0-198-g2ad674f65e (webtiles) character file.

Game seed: 8989458922801632047

6466 qw the Markself (level 10, -7/56 HPs)
             Began as a Deep Elf Hunter on June 25, 2023.
             Was a Priest of Okawaru.
             Mangled by an acid dragon (10 damage)
             ... on level 10 of the Dungeon.
             The game lasted 00:03:12 (7143 turns).

qw the Markself (Deep Elf Hunter)                   Turns: 7143, Time: 00:03:12

Health: -7/56      AC:  2    Str: 18    XL:     10   Next: 68%
Magic:  14/15      EV: 26    Int: 18    God:    Okawaru [***...]
Gold:   533        SH:  0    Dex: 20    Spells: 9/9 levels left

rFire   . . .        Y - +0 arbalest
rCold   . . .        (shield currently unavailable)
rNeg    + . .        c - +3 leather armour {rPois}
rPois   +            (no helmet)
rElec   .            (no cloak)
rCorr   .            j - +0 pair of gloves
SInv    .            (no boots)
Will    +....        h - amulet of Wofietec {Acrobat Drain Str+8 Int+3 Slay+3}
Stlth   +++          a - +5 ring of evasion
HPRegen 0.29/turn    g - ring of positive energy
MPRegen 0.14/turn

%: acrobat
@: about to teleport, heroic, corroded
A: hooves 1, iridescent scales 1, noise suppression
a: Renounce Religion, Heroism


You were on level 10 of the Dungeon.
You worshipped Okawaru.
Okawaru was most pleased with you.
You visited 2 branches of the dungeon, and saw 11 of its levels.

You collected 533 gold pieces.


Innate Abilities, Weirdness & Mutations

You have large cloven feet.
You are partially covered in iridescent scales. (AC +2)
You passively dampen the noise of your surroundings.


   Skills:
 + Level 4.0(9.0) Fighting
 - Level 18.0(23.0) Ranged Weapons
 - Level 1.2(6.2) Armour
 - Level 8.0(13.0) Dodging
 - Level 1.2(6.2) Stealth
 - Level 4.0 Invocations


You had 9 spell levels left.
You didn't know any spells.
Your spell library was empty.

Inventory:

Hand Weapons
 Y - a +0 arbalest (weapon)
Armour
 c - a +3 leather armour of poison resistance (worn)
 j - a +0 pair of gloves (worn)
 n - a +3 scale mail
Jewellery
 a - a +5 ring of evasion (left hand)
 g - a ring of positive energy (right hand)
 h - the amulet of Wofietec (around neck) {Acrobat Drain Str+8 Int+3 Slay+3}
   (You found it on level 2 of the Dungeon)

   [amulet of the acrobat]

   It increases your evasion while moving and waiting.
   Str:       It affects your strength (+8).
   Int:       It affects your intelligence (+3).
   Slay:      It affects your accuracy & damage with ranged weapons and melee
   (+3).
   Drain:     It drains your maximum health when unequipped.
 i - a ring of see invisible
Wands
 b - a wand of digging (3)
Scrolls
 k - a scroll of teleportation
 m - 2 scrolls of identify
Potions
 d - 3 potions of curing
 e - a potion of heal wounds
 f - 2 potions of mutation
 l - a potion of haste

Dungeon Overview and Level Annotations

Branches:
Dungeon (10/15)            Temple (1/1) D:5
   Lair: D:8-11         Orc: D:9-12

Altars:
Ashenzari
Cheibriados
Dithmenos
Elyvilon
Fedhas
Gozag
Hepliaklqana
Kikubaaqudgha
Makhleb
Nemelex Xobeh
Okawaru
Qazlal
Ru
Trog
Uskayaw
Vehumet
Wu Jian
Xom
Yredelemnul
Zin
The Shining One

Shops:
D:1 [


Message History

The yak is heavily wounded.
The acid dragon spits acid at you. The splash of acid hits you!!
The acid corrodes you! The yak gores you!
7135 ||| INVOKING Heroism.
You gain the combat prowess of a mighty hero.
The yak completely misses you.
You shoot a bolt. The bolt hits the yak!!
You kill the yak!
Okawaru accepts your kill. The yak closely misses you.
You shoot a bolt. The bolt hits the yak!!!
The yak is almost dead.
The yak barely misses you. The yak gores you.
You shoot a bolt. The bolt hits the yak.
The yak is almost dead.
The acid dragon bites you but does no damage.
The acid dragon closely misses you. The yak closely misses you.
The yak completely misses you.
You shoot a bolt. The bolt hits the yak!
You kill the yak!
Okawaru accepts your kill.
The acid dragon completely misses you. x2; The yak closely misses you.
You shoot a bolt. The bolt hits the yak!
The yak is moderately wounded.
The acid dragon closely misses you. The acid dragon completely misses you.
The yak misses you. The yak completely misses you.
You shoot a bolt. The bolt hits the yak!!
You kill the yak!
Okawaru accepts your kill.
The acid dragon completely misses you. x2; The yak closely misses you.
Your base Ranged Weapons skill increases to level 18!
You shoot a bolt. The bolt hits the acid dragon!
The acid dragon is heavily wounded.
The acid dragon spits acid at you. The splash of acid hits you!
The acid corrodes you! The yak gores you.
7143 ||| READING 2 scrolls of teleportation.
As you read the scroll of teleportation, it crumbles to dust.
You feel strangely unstable. The acid dragon bites you!
You die...

....%......##
#...........
..........##
#...........
.....######
##...........
..%.##
#............
.....##
#............
#.....#
#............
...#...#
#.....[......
...##...#
#..........##
...# #...#
#Y@......###
..## #....
#D%......#
..# #...
#....##..##
..# .. #....#
..# .##
.....# ## .#
....... ##
........ #
........##


You could see a yak and an acid dragon.

Vanquished Creatures
  A kobold demonologist (D:7)
  An unseen horror zombie (D:8)
  10 yaks (D:10)
  Edmund (D:6)
  A water moccasin (D:6)
  An acid dragon (D:8)
  Duvessa (D:6)
  2 orc warriors
  An ice beast (D:6)
  5 black bears
  A sky beast (D:7)
  A centaur (D:6)
  A phantom (D:6)
  4 kobold brigands
  Blork the orc (D:5)
  3 bullfrogs
  A necrophage (D:8)
  2 gnoll sergeants
  2 scorpions (D:5)
  6 wights
  Dowan (D:6)
  12 killer bees
  7 howler monkeys
  3 centaur zombies (D:8)
  A hound (D:5)
  2 jellies (D:6)
  2 gnoll boudas
  5 orc priests
  A human zombie (D:8)
  3 sleepcaps
  3 iguanas
  3 orc wizards
  2 howler monkey zombies (D:8)
  3 mummies (D:8)
  19 gnolls
  4 adders
  A shadow imp (D:8)
  2 white imps
  2 ufetubi
  2 worms
  A dart slug (D:2)
  27 orcs
  9 endoplasms
  3 giant cockroaches
  3 goblins
  8 hobgoblins
  9 jackals
  25 kobolds
  3 quokkas
  5 ball pythons
  A bat (D:2)
  3 frilled lizards
  10 rats
231 creatures vanquished.

Notes
Turn   | Place    | Note
-------+----------+-------------------------------------------
     0 | D:1      | qw the Deep Elf Hunter began the quest for the Orb.
     0 | D:1      | Reached XP level 1. HP: 12/12 MP: 3/3
     0 | D:1      | 0 ||| qw: Version: 0.3-a-22-g0ed2b0b
     0 | D:1      | 0 ||| qw: Game counter: 5336
     0 | D:1      | 0 ||| qw: Melee chars always use a shield: true
     0 | D:1      | 0 ||| qw: God list: Okawaru
     0 | D:1      | 0 ||| qw: Allow faded altars: false
     0 | D:1      | 0 ||| qw: Do Orc after clearing Dungeon:15 true
     0 | D:1      | 0 ||| qw: Do second Lair branch before Depths: true
     0 | D:1      | 0 ||| qw: Lair rune preference: random
     0 | D:1      | 0 ||| qw: Goals: Normal
     0 | D:1      | 0 ||| PLANNING D:1-11
   109 | D:1      | Reached skill level 6 in Ranged Weapons
   109 | D:1      | Reached XP level 2. HP: 11/16 MP: 4/4
   405 | D:1      | Found Peybogo's Armour Shop.
   408 | D:1      | 408 ||| SHOPLISTING +0 scale mail (48 gold, have 25).
   760 | D:1      | 760 ||| READING scroll labelled LIRATI UMNI.
   761 | D:1      | 761 ||| READING scroll labelled CIMUQUV TYSU.
   762 | D:1      | 762 ||| DROPPING scroll of butterflies.
   896 | D:2      | Reached XP level 3. HP: 20/20 MP: 5/5
  1120 | D:2      | Reached skill level 7 in Ranged Weapons
  1183 | D:2      | Identified the amulet of Wofietec {Acrobat Drain Str+8
                  | Int+3 Slay+3}
  1421 | D:2      | 1421 ||| UPGRADING to amulet of Wofietec {Acrobat Drain
                  | Str+8 Int+3 Slay+3}.
  1426 | D:2      | 1426 ||| READING scroll labelled TOOVYECEQEW.
  1427 | D:2      | 1427 ||| READING scroll labelled TAZO KELLE.
  1496 | D:3      | Reached XP level 4. HP: 25/25 MP: 6/6
  1572 | D:3      | 1572 ||| FLEEEEING.
  1573 | D:3      | 1573 ||| FLEEEEING.
  1574 | D:3      | 1574 ||| FLEEEEING.
  1575 | D:3      | 1575 ||| FLEEEEING.
  1576 | D:3      | 1576 ||| FLEEEEING.
  1577 | D:3      | 1577 ||| FLEEEEING.
  1578 | D:3      | 1578 ||| FLEEEEING.
  1579 | D:3      | 1579 ||| FLEEEEING.
  1580 | D:3      | 1580 ||| FLEEEEING.
  1581 | D:3      | 1581 ||| FLEEEEING.
  1594 | D:3      | 1594 ||| FLEEEEING.
  1595 | D:3      | 1595 ||| FLEEEEING.
  1596 | D:3      | 1596 ||| FLEEEEING.
  1597 | D:3      | 1597 ||| FLEEEEING.
  1598 | D:3      | 1598 ||| FLEEEEING.
  1599 | D:3      | 1599 ||| FLEEEEING.
  1600 | D:3      | 1600 ||| FLEEEEING.
  1601 | D:3      | 1601 ||| STAIRDANCE
  1673 | D:2      | 1673 ||| READING scroll labelled PES HADOSKI.
  1678 | D:2      | 1678 ||| DRINKING 2 bubbling blue potions.
  1703 | D:3      | 1703 ||| STAIRDANCE
  1720 | D:3      | 1720 ||| STAIRDANCE
  1757 | D:3      | Reached skill level 8 in Ranged Weapons
  1818 | D:3      | Reached skill level 3 in Dodging
  2004 | D:3      | 2004 ||| DRINKING 2 sedimented pink potions.
  2004 | D:3      | Gained mutation: You have large cloven feet. [potion of
                  | mutation]
  2004 | D:3      | Gained mutation: You passively dampen the noise of your
                  | surroundings. [potion of mutation]
  2004 | D:3      | Gained mutation: You are partially covered in iridescent
                  | scales. (AC +2) [potion of mutation]
  2044 | D:4      | Noticed a black bear
  2049 | D:4      | Killed a black bear
  2050 | D:4      | Reached skill level 9 in Ranged Weapons
  2050 | D:4      | Reached XP level 5. HP: 29/29 MP: 7/7
  2071 | D:4      | 2071 ||| Stepping ~*~*~tactically~*~*~ (outnumbered).
  2072 | D:4      | 2072 ||| Stepping ~*~*~tactically~*~*~ (outnumbered).
  2074 | D:4      | 2074 ||| Stepping ~*~*~tactically~*~*~ (outnumbered).
  2083 | D:4      | 2083 ||| FLEEEEING.
  2084 | D:4      | 2084 ||| FLEEEEING.
  2085 | D:4      | 2085 ||| FLEEEEING.
  2238 | D:4      | Noticed a black bear
  2243 | D:4      | Killed a black bear
  2244 | D:4      | Reached XP level 6. HP: 35/35 MP: 8/8
  2599 | D:4      | 2599 ||| READING scroll of enchant weapon.
  2599 | D:4      | 2599 ||| ENCHANTING +1 shortbow.
  2886 | D:4      | 2886 ||| UPGRADING to +0 pair of gloves.
  2891 | D:4      | 2891 ||| READING scroll labelled NYBBIREOGO.
  2892 | D:4      | 2892 ||| READING scroll labelled HEGOOHIH UPIJO.
  2893 | D:4      | 2893 ||| READING 2 scrolls of identify.
  2893 | D:4      | 2893 ||| IDENTIFYING smoky cyan potion
  2894 | D:4      | 2894 ||| DROPPING potion of attraction.
  2909 | D:5      | Entered Level 5 of the Dungeon
  2918 | D:5      | Reached skill level 10 in Ranged Weapons
  2926 | D:5      | Reached XP level 7. HP: 25/40 MP: 9/9
  3097 | D:5      | Noticed Blork the orc
  3098 | D:5      | 3098 ||| Stepping ~*~*~tactically~*~*~ (outnumbered).
  3104 | D:5      | Reached skill level 11 in Ranged Weapons
  3109 | D:5      | Killed Blork the orc
  3198 | D:5      | Found a staircase to the Ecumenical Temple.
  3199 | D:5      | 3199 ||| PLANNING TEMPLE
  3199 | D:5      | 3199 ||| UPGRADING to +0 ring mail.
  3209 | D:5      | 3209 ||| DROPPING +0 leather armour.
  3210 | D:5      | 3210 ||| DROPPING ring of flight.
  3211 | D:5      | 3211 ||| DRINKING 2 brown potions.
  3315 | D:5      | 3315 ||| DROPPING potion of berserk rage.
  3321 | Temple   | Entered the Ecumenical Temple
  3364 | Temple   | 3364 ||| PLANNING OKAWARU WORSHIP
  3466 | Temple   | Became a worshipper of Warmaster Okawaru
  3467 | Temple   | 3467 ||| PLANNING D:1-11
  3588 | D:5      | Reached skill level 1 in Armour
  3808 | D:5      | Reached skill level 12 in Ranged Weapons
  3808 | D:5      | Reached XP level 8. HP: 32/44 MP: 10/10
  4132 | D:5      | 4132 ||| UPGRADING to +3 leather armour of poison
                  | resistance.
  4142 | D:5      | 4142 ||| DROPPING +0 ring mail.
  4143 | D:5      | 4143 ||| DRINKING 2 glowing black potions.
  4144 | D:5      | 4144 ||| READING 2 scrolls of identify.
  4144 | D:5      | 4144 ||| IDENTIFYING inky potion
  4145 | D:5      | 4145 ||| DROPPING potion of brilliance.
  4188 | D:6      | Reached skill level 3 in Fighting
  4196 | D:6      | Reached * piety under Okawaru
  4203 | D:6      | 4203 ||| INVOKING Heroism.
  4204 | D:6      | 4204 ||| INVOKING Heroism.
  4220 | D:6      | HP: 9/46 [orc/+0 short sword (3)]
  4221 | D:6      | 4221 ||| READING scroll of teleportation.
  4222 | D:6      | 4222 ||| DRINKING potion of heal wounds.
  4224 | D:6      | Noticed Edmund
  4225 | D:6      | 4225 ||| FLEEEEING.
  4226 | D:6      | 4226 ||| FLEEEEING.
  4227 | D:6      | 4227 ||| FLEEEEING.
  4228 | D:6      | 4228 ||| FLEEEEING.
  4229 | D:6      | 4229 ||| FLEEEEING.
  4230 | D:6      | 4230 ||| INVOKING Heroism.
  4236 | D:6      | Killed Edmund
  4240 | D:6      | Reached skill level 13 in Ranged Weapons
  4240 | D:6      | Reached skill level 1 in Invocations
  4362 | D:6      | 4362 ||| INVOKING Heroism.
  4537 | D:6      | 4537 ||| INVOKING Heroism.
  4545 | D:6      | Reached skill level 3 in Invocations
  4545 | D:6      | Reached XP level 9. HP: 51/51 MP: 10/13
  4612 | D:6      | 4612 ||| SWAPPING to +0 arbalest.
  4613 | D:6      | Noticed Duvessa
  4613 | D:6      | Noticed Dowan
  4614 | D:6      | 4614 ||| INVOKING Heroism.
  4620 | D:6      | Killed Duvessa
  4622 | D:6      | Killed Dowan
  4629 | D:6      | 4629 ||| DROPPING +2 shortbow.
  4845 | D:6      | 4845 ||| UPGRADING to +5 ring of evasion.
  4846 | D:6      | 4846 ||| UPGRADING to ring of positive energy.
  4847 | D:6      | 4847 ||| READING scroll labelled QESEADGH JOIGI.
  4874 | D:7      | Reached skill level 6 in Dodging
  4968 | D:7      | Reached skill level 14 in Ranged Weapons
  4970 | D:7      | 4970 ||| INVOKING Heroism.
  5127 | D:7      | 5127 ||| FLEEEEING.
  5128 | D:7      | 5128 ||| FLEEEEING.
  5129 | D:7      | 5129 ||| FLEEEEING.
  5130 | D:7      | 5130 ||| STAIRDANCE
  5232 | D:6      | 5232 ||| READING 2 scrolls of identify.
  5232 | D:6      | 5232 ||| IDENTIFYING metallic ruby potion
  5233 | D:6      | 5233 ||| DROPPING potion of ambrosia.
  5235 | D:7      | Noticed a kobold demonologist
  5236 | D:7      | 5236 ||| INVOKING Heroism.
  5239 | D:7      | Killed a kobold demonologist
  5239 | D:7      | Reached ** piety under Okawaru
  5240 | D:7      | Reached skill level 15 in Ranged Weapons
  5279 | D:7      | Found an ancient bone altar of Kikubaaqudgha.
  5282 | D:7      | Found a shadowy altar of Dithmenos.
  5456 | D:8      | 5456 ||| INVOKING Heroism.
  5458 | D:8      | 5458 ||| Stepping ~*~*~tactically~*~*~ (outnumbered).
  5460 | D:8      | 5460 ||| Stepping ~*~*~tactically~*~*~ (outnumbered).
  5540 | D:8      | 5540 ||| INVOKING Heroism.
  5825 | D:8      | Found a basalt altar of Yredelemnul.
  5853 | D:8      | Reached XP level 10. HP: 52/56 MP: 15/15
  5911 | D:8      | 5911 ||| Stepping ~*~*~tactically~*~*~ (outnumbered).
  5933 | D:8      | Reached skill level 16 in Ranged Weapons
  5997 | D:8      | 5997 ||| READING scroll labelled WAHANL KIN HYU.
  5998 | D:8      | 5998 ||| READING 3 scrolls of identify.
  5998 | D:8      | 5998 ||| IDENTIFYING purple potion
  5999 | D:8      | 5999 ||| READING 2 scrolls of identify.
  5999 | D:8      | 5999 ||| IDENTIFYING viscous emerald potion
  6000 | D:8      | 6000 ||| DROPPING potion of lignification.
  6129 | D:9      | 6129 ||| INVOKING Heroism.
  6458 | D:9      | 6458 ||| Stepping ~*~*~tactically~*~*~ (outnumbered).
  6462 | D:9      | 6462 ||| INVOKING Heroism.
  6903 | D:9      | 6903 ||| DROPPING +0 acid dragon scales.
  6921 | D:10     | Entered Level 10 of the Dungeon
  6933 | D:10     | Reached skill level 17 in Ranged Weapons
  6944 | D:10     | Reached *** piety under Okawaru
  6951 | D:10     | 6951 ||| INVOKING Heroism.
  7135 | D:10     | 7135 ||| INVOKING Heroism.
  7142 | D:10     | Reached skill level 18 in Ranged Weapons
  7142 | D:10     | HP: 5/56 [acid dragon/splash of acid (13)]
  7143 | D:10     | 7143 ||| READING 2 scrolls of teleportation.
  7143 | D:10     | Mangled by an acid dragon

Levels and vault maps discovered:
D:1:      roderic_crop_circles_arrival_small, layout_basic, serial_shops,
          nicolae_shop_tiny_real_fake_doors
D:2:      layout_basic
D:3:      layout_rooms
D:4:      layout_loops_corners
D:5:      layout_basic, minmay_temple_entry_gardened_gates, uniq_blork_the_orc
D:6:      layout_basic, uniq_edmund, uniq_duvessa
D:7:      layout_rooms, mainiacjoe_overflow_catwalk_spiral
D:8:      layout_rooms, lemuel_mausoleum_altar_yredelemnul
D:9:      layout_gridville
D:10:     layout_cave_pods, lemuel_tele_altar, erik_orc_2
Temple:   regret_index_temple_mists

Skill      XL: |  1  2  3  4  5  6  7  8  9 10 |
---------------+-------------------------------+-----
Ranged Weapons | 6 7 9 10 12 13 15 18 | 18.0
Dodging        | 3 4 5 7 8 |  8.0
Fighting       | 2 3 4 |  4.0
Armour         | 1 |  1.2
Invocations    | 3 4 |  4.0
Stealth        | |  1.2

Action                     |  1- 3 |  4- 6 |  7- 9 | 10-12 || total
---------------------------+-------+-------+-------+-------++-------
   Fire: Shortbow          |   112 |   116 |   163 |       ||   391
         Arbalest          |       |       |   159 |   146 ||   305
 Invoke: Heroism           |       |       |     9 |     4 ||    13
    Use: Scroll            |     4 |     5 |     4 |     4 ||    17
         Potion            |       |     2 |     3 |       ||     5
 Armour: Leather armour    |    11 |     9 |    44 |    31 ||    95
         Ring mail         |       |       |     4 |       ||     4
  Dodge: Dodged            |    17 |    41 |   167 |   195 ||   420

Table legend:
 A = Non-vault XP
 B = Vault XP
 C = Vault XP percentage of total XP
 D = Non-vault monster count
 E = Vault monster count
 F = Vault count percentage of total count
                 A         B        C        D         E       F
            +---------+---------+-------+---------+---------+-------
      Total |    7983 |    1255 |  13.6 |     215 |      16 |   6.9
            +---------+---------+-------+---------+---------+-------
        D:1 |      31 |       0 |   0.0 |      20 |       0 |   0.0
        D:2 |      90 |       0 |   0.0 |      23 |       0 |   0.0
        D:3 |      71 |       0 |   0.0 |      23 |       0 |   0.0
        D:4 |     370 |       0 |   0.0 |      15 |       0 |   0.0
        D:5 |     958 |      94 |   8.9 |      26 |       1 |   3.7
        D:6 |    1206 |     355 |  22.7 |      19 |       3 |  13.6
        D:7 |    1231 |       0 |   0.0 |      21 |       0 |   0.0
        D:8 |     782 |     806 |  50.8 |      25 |      12 |  32.4
        D:9 |    1178 |       0 |   0.0 |      33 |       0 |   0.0
       D:10 |    2066 |       0 |   0.0 |      10 |       0 |   0.0
            +---------+---------+-------+---------+---------+-------
